Unix NetHack Version 5.0.0-0 post-release - last build May 23 2026 06:08:33 (1c0ff79ee797540d5714e4e18072db0edd9e58ae,branch:main).

Game began 2026-05-29 08:47:58, ended 2026-05-29 10:53:52.

FalseGod, lawful male human Knight

                              #*#*`*##*  ###*##`          *`##*## #####*##
                     #       *##*#****## ######  #  #*#  .....**########     .
                   ...###.---..............#      #  *## ......#*`# ##*     ..-
                `*#| ----.................|-----.-.-............#######` .-...|
                   ....................[[.|..*|..........|........*##*#** ....
   -  .. -     `*#*......-..--|...........|..)|..|................*#####*.....
   ...  #.     `# *................-----..|.(.|....|..-|......d.....####......
   .....*#..    *##....---......|..|(..|..--|---|-............@u.h...%#.-...##
       .##....   #*.........(...|  |)(.-.....................d%...>.........*#
         *......###.........|---|..|(((|......--+-....................*.....#*
            ......#.........|.%.|..-----..{...|....................--.%.....`
          #.......*.........|(((|............[|................[..--|......*#*
      ...###*...............|.%.|.+........-|----[...-.........`**  ----...**
  #......####......|.-......--|-|.......-|....................#*#**     ..|*##
 #*#...^..     --........................|----....--------..... `##*    .-. #*
 `#**.....##**#........|..#........-.....|..@-..).|..?...|.....#`##*#   .
 ##            |.-...........{........|..|...|..[)[.).[[.|.....*###*#*. -
               |.<..............#.....--------...)|.?....|.....*#*#*####
               |..|...............................|--------....#*##`*#*#
               |..|-.........-.....----------------       #############`
               ------...**##  ....#                       `#*###*#####*#
FalseGod the Bachelor    St:15 Dx:9 Co:13 In:8 Wi:14 Ch:18  Lawful
Dlvl:6  $:69 HP:0(40) Pw:44(44) AC:0  Xp:6 T:3574 

Latest messages:
 The werewolf thrusts one of her daggers.
 The werewolf hits!
 The warhorse misses the wolf.
 The warhorse misses the wolf.
 The warhorse hits the wolf.
 The warhorse bites the wolf.
 The wolf is killed!
 You hit the werewolf!
 The wolf bites!
 The wolf misses!
 The werewolf thrusts one of her daggers.
 The werewolf hits!
 Are you sure you want to pray? [yn] (n) y
 You begin praying to Lugh.
 You are surrounded by a shimmering light.
 The wolf starts to attack you, but pulls back.
 The wolf starts to attack you, but pulls back.
 The werewolf starts to attack you, but pulls back.
 The warhorse drops an uncursed pick-axe.
 The warhorse hits the wolf.
 The warhorse bites the wolf.
 The wolf bites the warhorse.
 The warhorse picks up an uncursed pick-axe.
 The warhorse hits the wolf.
 The wolf is killed!
 The wolf starts to attack you, but pulls back.
 The werewolf changes into a wolf.
 The werewolf drops 2 daggers.
 The werewolf starts to attack you, but pulls back.
 The warhorse hits the wolf.
 The warhorse misses the wolf.
 The wolf misses the warhorse.
 The wolf starts to attack you, but pulls back.
 The werewolf starts to attack you, but pulls back.
 The warhorse drops an uncursed pick-axe.
 The warhorse misses the wolf.
 The warhorse misses the wolf.
 The warhorse misses the wolf.
 The warhorse bites the wolf.
 You finish your prayer.
 You feel that Lugh is well-pleased.
 You miss the werewolf.
 The wolf bites!
 The werewolf bites!
 You die...
 Do you want your possessions identified? [ynq] (y) y
 Do you want to see your attributes? [ynq] (y) y
 Do you want an account of creatures vanquished? [ynaq] (y) n
 Do you want to see your conduct and achievements? [ynq] (y) n
 Do you want to see the dungeon overview? [ynq] (y) y

Inventory:
 Coins    ('$')
  $ - 69 gold pieces
 Weapons  (')')
  Z - 8 +0 crossbow bolts (in quiver pouch)
  Y - a +0 orcish dagger
  d - a cursed +0 dwarvish mattock
  a - a +1 long sword (weapon in right hand)
  g - a +0 long sword
 Armor    ('[')
  N - an uncursed +0 dented pot (being worn)
  f - a blessed +0 dwarvish iron helm
  e - an uncursed +0 pair of leather gloves (being worn)
  S - an uncursed +0 pair of iron shoes (being worn)
  P - an uncursed +0 small shield (being worn)
  b - an uncursed +0 dwarvish cloak (being worn)
  c - an uncursed +4 mummy wrapping
  q - an uncursed +0 Hawaiian shirt with a sailboat motif (being worn)
  A - an uncursed +0 elven mithril-coat (being worn)
 Comestibles  ('%')
  K - 2 uncursed slime molds
  v - an uncursed banana
  h - 12 uncursed carrots
  C - an uncursed sprig of wolfsbane
  D - an uncursed tripe ration
 Scrolls  ('?')
  n - a blessed scroll of destroy armor
  L - an uncursed scroll of enchant weapon
  j - an uncursed scroll of identify
  I - an uncursed scroll of teleportation
 Potions  ('!')
  y - an uncursed potion of gain ability
  X - an uncursed potion of gain energy
  l - a cursed potion of healing
  V - an uncursed potion of monster detection
  J - an uncursed potion of paralysis

FalseGod the Knight's attributes:

Background:
 You were a Bachelor, a level 6 male human Knight.
 You were lawful, on a mission for Lugh
 who was opposed by Brigit (neutral) and Manannan Mac Lir (chaotic).
 You were right-handed.
 You were in the Gnomish Mines, on level 6.
 You entered the dungeon 3574 turns ago.
 You had 325 experience points, 315 more were needed to attain level 7.

Basics:
 You had 0 out of 40 hit points.
 You had all 44 energy points (spell power).
 Your armor class was 0.
 Your wallet contained 69 zorkmids.
 Autopickup was off.

Final Characteristics:
 Your strength was 15 (limit:18/100).
 Your dexterity was 9 (limit:18).
 Your constitution was 13 (limit:18).
 Your intelligence was 8 (limit:18).
 Your wisdom was 14 (limit:18).
 Your charisma was 18 (limit:18).

Final Status:
 You weren't hungry.
 You were unencumbered.
 You were wielding a long sword.
 You were skilled in long sword.

Final Attributes:
 You were piously aligned.
 Your items were somewhat protected from fire.
 Your items were somewhat protected from cold.
 You could jump.
 You were guarded.
 Your spell casting was impaired by metallic armor.
 You were lucky.
 You are dead.

Miscellaneous:
 You didn't encounter any bones levels.
 Total elapsed playing time was 2 hours, 3 minutes and 42 seconds.

Major events:
 Turn
    1: FalseGod the lawful male human Knight entered the dungeon
  477: attained the rank of Esquire (level 3)
  845: entered the Gnomish Mines
 1462: reached Mine Town
 2607: was bestowed with Werebane by Lugh
 3345: attained the rank of Bachelor (level 6)
 3574: killed by a werewolf

Spells:
 Name                 Level Category     Fail Retention
 slow monster           2   enchantment  100%  76%-100%

Skills:
 Fighting Skills
   bare handed combat [Unskilled]
   two weapon combat  [Unskilled]
   riding             [Basic]
 Weapon Skills
   dagger             [Unskilled]
   knife              [Unskilled]
   axe                [Unskilled]
   pick-axe           [Unskilled]
   short sword        [Unskilled]
   broadsword         [Unskilled]
   long sword         [Skilled]
   two-handed sword   [Unskilled]
   saber              [Unskilled]
   club               [Unskilled]
   mace               [Unskilled]
   morning star       [Unskilled]
   flail              [Unskilled]
   hammer             [Unskilled]
   polearms           [Unskilled]
   spear              [Unskilled]
   trident            [Unskilled]
   lance              [Basic]
   bow                [Unskilled]
   crossbow           [Unskilled]
 Spellcasting Skills
   attack spells      [Unskilled]
   healing spells     [Unskilled]
   clerical spells    [Unskilled]

Voluntary challenges:
 Character rerolling was not enabled.
 You never genocided any monsters.
 You never polymorphed an object.
 You never changed form.
 You used no wishes.
Achievements:
 You attained the rank of Esquire.
 You entered the Gnomish Mines.
 You entered Minetown.
 You entered a shop.
 You entered a temple.
 You attained the rank of Bachelor.

 The Dungeons of Doom: levels 1 to 3
    Level 1:
       A fountain.
    Level 2:
       A fountain.
    Level 3:
       Stairs down to The Gnomish Mines.
 The Gnomish Mines: levels 4 to 6
    Level 4:
    Level 5:
    Level 6: <- You were here.
       Many shops, a temple and an altar to Lugh, some fountains, some trees.
       Final resting place for
          you, killed by a werewolf.


Vanquished creatures:
  a watch captain
  a small mimic
  2 watchmen
  2 wolves
  a gnome ruler
  2 dogs
  2 gnome mummies
  a rock piercer
  a pony
  a fog cloud
  a yellow light
  5 gnome leaders
  2 elf zombies
  a paper golem
  a giant ant
  a floating eye
  5 dwarves
  a homunculus
  a kobold leader
  2 rothes
  a giant bat
  3 dwarf zombies
 an iguana
  3 acid blobs
  2 coyotes
  a gas spore
  2 hobbits
  a giant rat
  4 cave spiders
 21 gnomes
  a gnome zombie
  2 geckos
  2 jackals
  3 kobolds
  3 goblins
  4 grid bugs
  2 bats
  5 lichens
  2 kobold zombies
  6 newts
103 creatures vanquished.

No species were genocided or became extinct.

Game over:
                       ----------
                      /          \
                     /    REST    \
                    /      IN      \
                   /     PEACE      \
                  /                  \
                  |     FalseGod     |
                  |      69 Au       |
                  |   killed by a    |
                  |     werewolf     |
                  |                  |
                  |                  |
                  |       2026       |
                 *|     *  *  *      | *
        _________)/\\_//(\/(/\)/\//\/|_)_______

Fare thee well FalseGod the Knight...

You died in The Gnomish Mines on dungeon level 6 with 1613 points,
and 69 pieces of gold, after 3574 moves.
You were level 6 with a maximum of 40 hit points when you died.

